 Dungeon Crawl Stone Soup version 0.29.1-12-g30fa7ad0bf (webtiles) character file.

Game seed: 2055238232771842259

95 cdecastro the Ruffian (level 4, -2/38 HPs)
             Began as a Ghoul Monk on Jan 15, 2023.
             Was a Priest of Kikubaaqudgha.
             Slain by a goblin
             ... wielding a +0 club
             ... led by Robin
              (5 damage)
             ... on level 3 of the Dungeon.
             The game lasted 00:03:45 (2676 turns).

cdecastro the Ruffian (Ghoul Monk)                  Turns: 2676, Time: 00:03:46

Health: -2/38      AC:  2    Str: 14    XL:     4   Next: 65%
Magic:  3/3        EV: 12    Int:  7    God:    Kikubaaqudgha [***...]
Gold:   120        SH:  0    Dex: 11    Spells: 3/3 levels left

rFire   . . .      SeeInvis .     - Unarmed
rCold   + . .      Faith    .   (no shield)
rNeg    + + +      Spirit   .   a - +0 robe
rPois   ∞          Reflect  .   (no helmet)
rElec   .          Harm     .   (no cloak)
rCorr   .          Rampage  .   (no gloves)
Will    .....                   (no boots)
Stlth   ++........              (no amulet)
HPRegen 0.00/turn               (no ring)
MPRegen 0.08/turn               (no ring)

@: inhibited regen
A: claws 1, cold resistance 1, negative energy resistance 3, inhibited
regeneration, torment resistance 2, devour on kill
a: Renounce Religion, Unearth Wretches


You were on level 3 of the Dungeon.
You worshipped Kikubaaqudgha.
Kikubaaqudgha was most pleased with you.
You visited 1 branch of the dungeon, and saw 3 of its levels.

You collected 120 gold pieces.

Inventory:

Missiles
 j - 3 boomerangs (quivered)
 m - 7 curare-tipped darts
 s - 4 atropa-tipped darts
 w - 4 silver boomerangs
Armour
 a - a +0 robe (worn)
 i - a +0 pair of boots
 k - a +2 hat
 o - a +0 pair of boots
 r - a +0 helmet
 t - a +0 ring mail
Scrolls
 e - 3 scrolls of teleportation {unknown}
 f - a scroll of magic mapping {unknown}
 h - 3 scrolls of identify {unknown}
 p - a scroll of summoning {unknown}
 u - a scroll of enchant weapon {unknown}
 v - a scroll of vulnerability {unknown}
Potions
 c - 2 potions of flight {unknown}
 d - 2 potions of curing {unknown}
 g - 3 potions of heal wounds {unknown}
 l - a potion of attraction {unknown}
 n - 2 potions of invisibility {unknown}
 q - a potion of lignification {unknown}


   Skills:
 - Level 3.2 Fighting
 - Level 2.6 Dodging
 - Level 2.1 Stealth
 + Level 5.8 Unarmed Combat


You had 3 spell levels left.
You didn't know any spells.
Your spell library contained the following spells:

 Spells                   Type           Power      Damage    Failure   Level
 Necrotise                Necr           0%         1d4       43%         1
 Summon Small Mammal      Summ           0%         N/A       43%         1
 Blink                    Tloc           0%         N/A       56%         2
 Call Canine Familiar     Summ           0%         N/A       80%         3
 Inner Flame              Hex/Fire       0%         N/A       80%         3
 Lesser Beckoning         Tloc           0%         N/A       80%         3
 Summon Guardian Golem    Hex/Summ       0%         N/A       80%         3
 Vampiric Draining        Necr           0%         2d6       80%         3
 Anguish                  Hex/Necr       0%         N/A       99%         4
 Animate Dead             Necr           0%         N/A       99%         4
 Cause Fear               Hex            0%         N/A       99%         4
 Corpse Rot               Necr/Pois/Air  0%         N/A       99%         4
 Dispel Undead            Necr           0%         3d6       99%         4
 Agony                    Necr           0%         N/A       100%        5
 Borgnjor's Vile Clutch   Necr/Erth      0%         N/A       100%        5
 Manifold Assault         Tloc           0%         N/A       100%        5
 Simulacrum               Ice/Necr       0%         N/A       100%        6
 Discord                  Hex            0%         N/A       100%        8


Dungeon Overview and Level Annotations

Branches:
Dungeon (3/15)

Altars:
Kikubaaqudgha
Trog

Annotations:
D:3 1 runed translucent door, Crazy Yiuf, Robin


Innate Abilities, Weirdness & Mutations

You are immune to poison.
You have sharp fingernails.
Your flesh is cold resistant. (rC+)
You are immune to negative energy. (rN+++)
You do not regenerate when monsters are visible.
You are immune to unholy pain and torment.
You thrive by killing the living.


Message History

A goblin comes into view. It is wielding a +0 dagger.
The goblin barely misses you. The goblin misses you.
The goblin hits you with a +0 club.
* * * LOW HITPOINT WARNING * * *
Robin roars a battlecry!
The goblins go into a battle-frenzy!
You're too confused to move!
The goblin no longer looks unusually strong. x2
The bat hits you but does no damage. The bat closely misses you.
The kobold hits you but does no damage. The goblin hits you but does no damage.
A goblin comes into view. It is wielding a +0 dagger.
The goblin barely misses you. The goblin hits you with a +0 club.
* * * LOW HITPOINT WARNING * * *
Robin throws the goblin at you! The goblin barely misses you.
You claw the goblin!
You kill the goblin!
Kikubaaqudgha accepts your kill.
You feel better. The bat barely misses you.
The bat hits you but does no damage. The kobold barely misses you.
The goblin hits you with a +0 dagger.
* * * LOW HITPOINT WARNING * * *
The goblin barely misses you. The goblin hits you with a +0 club.
* * * LOW HITPOINT WARNING * * *
The goblin barely misses you. The goblin attacks as you move away!
The goblin misses you. The bat attacks as you move away!
The bat barely misses you.
You feel less invigorated.
You feel less confused. The bat hits you but does no damage.
The bat closely misses you. The goblin hits you with a +0 club.
* * * LOW HITPOINT WARNING * * *
The goblin barely misses you. The goblin hits you but does no damage.
Robin throws the goblin at you!
* * * LOW HITPOINT WARNING * * *
The goblin barely misses you.
Things that are here:
a +0 club; a goblin corpse The goblin attacks as you move away!
The goblin hits you with a +0 club.
You die...
Kikubaaqudgha rasps: "You have failed me!
Welcome... oblivion!"

#.#..######....## ###..)#
#.#.............####.+...#
#.#.######.......#..##...#
#.#.............#.### ###
#.########.######## ##
#.## .. #..###########
##.##.#gg.g..g...
#....g@bg..g.#.####
##.##.gggg)........ #
#..K.....#.###
#......g.#.#####.
#.#....#....g.gg.
#.#........######
#..........# ############


You could see Robin, 11 goblins, a bat and a kobold.

Vanquished Creatures
  4 adders (D:2)
  2 dart slugs (D:1)
  4 orcs
  4 bats
  2 endoplasms
  2 giant cockroaches
  3 hobgoblins (D:1)
  3 jackals (D:1)
  4 ball pythons
  3 frilled lizards
  9 goblins
  3 kobolds
  7 rats
50 creatures vanquished.

Notes
Turn   | Place    | Note
-------+----------+-------------------------------------------
     0 | D:1      | cdecastro the Ghoul Monk began the quest for the Orb.
     0 | D:1      | Reached XP level 1. HP: 19/19 MP: 0/0
   174 | D:1      | Reached skill level 4 in Unarmed Combat
   174 | D:1      | Reached XP level 2. HP: 16/26 MP: 1/1
   545 | D:1      | Found a faded altar of an unknown god.
   559 | D:1      | Prayed at the altar of an unknown god.
   559 | D:1      | Became a worshipper of Kikubaaqudgha
   559 | D:1      | Reached * piety under Kikubaaqudgha
   559 | D:1      | Received a gift from Kikubaaqudgha
   559 | D:1      | Reached ** piety under Kikubaaqudgha
   615 | D:1      | Reached XP level 3. HP: 29/31 MP: 2/2
   846 | D:1      | Reached *** piety under Kikubaaqudgha
   846 | D:1      | Received a gift from Kikubaaqudgha
  1200 | D:2      | Reached skill level 5 in Unarmed Combat
  1203 | D:2      | Reached XP level 4. HP: 33/38 MP: 3/3
  2516 | D:3      | Found a bloodstained altar of Trog.
  2630 | D:3      | Found a runed translucent door.
  2631 | D:3      | Noticed Crazy Yiuf
  2658 | D:3      | Noticed Robin
  2669 | D:3      | HP: 1/38 [goblin/+0 club[Robin] (5)]
  2676 | D:3      | Slain by a goblin

Illustrated notes

Levels and vault maps discovered:
D:1:      lemuel_arrival_behind_the_door_small, layout_loops_ring,
          dreamdust_ecumenical_altar_statues, minmay_hexomino_f4
D:2:      layout_loops_corners
D:3:      layout_loops_ring, mainiacjoe_overflow_brackets,
          minmay_misc_feat_alley, serial_park_tiny_pond,
          uniq_crazy_yiuf_cottage, uniq_robin

Skill      XL: |  1  2  3 |
---------------+----------+-----
Unarmed Combat | 4 5 |  5.8
Fighting       | |  3.2
Dodging        | |  2.6
Stealth        | |  2.1

Action                   |  1- 3 |  4- 6 || total
-------------------------+-------+-------++-------
Melee: Unarmed           |    65 |    64 ||   129
  Use: Potion            |       |     1 ||     1
 Stab: Sleeping          |       |     3 ||     3
Armor: Robe              |    13 |    23 ||    36
Dodge: Dodged            |    36 |    70 ||   106
